 Dungeon Crawl Stone Soup version 0.13-a0-2733-g5d3b754 (webtiles) character file.

155 JacquesDerrida the Vexing (level 4, -1/24 HPs)
             Began as a Kobold Enchanter on Aug 20, 2013.
             Succumbed to Terence's poison
             ... on Level 2 of the Dungeon.
             The game lasted 00:04:51 (1681 turns).

JacquesDerrida the Vexing (Kobold Enchanter)        Turns: 1681, Time: 00:04:51

HP  -1/24        AC  5     Str  8      XL: 4   Next: 31%
MP   2/7         EV 15     Int 18      God:
Gold 92          SH  0     Dex 15      Spells:  2 memorised,  2 levels left

Res.Fire  : + . .   See Invis. : .   a - +1 dagger {=f}
Res.Cold  : . . .   Warding    : .   b - +1 robe
Life Prot.: . . .   Conserve   : .   (no shield)
Res.Poison: .       Res.Corr.  : .   (no helmet)
Res.Elec. : .       Clarity    : .   g - +1 cloak
Sust.Abil.: . .     Spirit.Shd : .   (no gloves)
Res.Mut.  : .       Stasis     : .   (no boots)
Res.Rott. : .       Flight     : .   (no amulet)
Saprovore : + + .                    (no ring)
                                     p - ring of protection from fire {unknown}

@: brilliant, very poisoned, slightly resistant to hostile enchantments,
stealthy
A: disease resistance, carnivore 3, saprovore 2
a: no special abilities


You were on level 2 of the Dungeon.
You were full.

You visited 1 branch of the dungeon, and saw 2 of its levels.

You collected 72 gold pieces.

Inventory:

Hand weapons
 a - a +1,+1 dagger (weapon) {=f}
 u - a +0,+0 sabre
 x - a +4,+1 hand axe of venom
Missiles
 d - 12 darts
 j - 15 poisoned needles
 w - 10 exploding darts (quivered)
Armour
 b - a +1 robe (worn)
 g - a +1 cloak (worn)
 l - a +0 cloak
Comestibles
 f - a meat ration
 q - a bread ration
 v - a choko
Scrolls
 k - a scroll of curse armour {unknown}
 m - a scroll of curse jewellery {unknown}
 n - 2 scrolls of identify {unknown}
 o - a scroll of enchant weapon I {unknown}
 r - a scroll of blinking {unknown}
 t - a scroll of fear {unknown}
Jewellery
 h - an uncursed amulet of guardian spirit
 p - a ring of protection from fire (left hand) {unknown}
Potions
 i - 3 potions of heal wounds
Books
 c - a book of Maledictions

   Spells                             Type                      Level
   *Corona                            Hexes                        1
   Sure Blade                         Hexes/Charms                 2
   *Ensorcelled Hibernation           Hexes/Ice                    2
   Confuse                            Hexes                        3
   Enslavement                        Hexes                        4
   Invisibility                       Hexes                        6


   Skills:
 - Level 3.6 Short Blades
 - Level 1.3 Throwing
 - Level 2.4 Dodging
 + Level 3.0 Stealth
 - Level 1.0 Spellcasting
 + Level 3.9 Hexes


You had 2 spell levels left.
You knew the following spells:

 Your Spells              Type           Power        Failure   Level  Hunger
a - Corona                Hex            ####...      1%          1    ##.....
b - Ensorcelled Hibernat  Hex/Ice        ###...       1%          2    ###....


Dungeon Overview and Level Annotations

Branches:
Dungeon (2/27)

Altars:
Cheibriados
Yredelemnul


Innate Abilities, Weirdness & Mutations

You recuperate from illness quickly.
You are small and have problems with some larger weapons.
You are carnivorous and can eat meat at any time.
You can eat rotten meat.


Message History

You feel more clever all of a sudden.
It was a potion of brilliance.
You feel sick.
You feel very sick.
You start resting.
You feel very sick.
You start resting.
You feel very sick.
You start resting.
You feel very sick.
You start resting.
* * * LOW HITPOINT WARNING * * *
You feel very sick.
* * * LOW HITPOINT WARNING * * *
You feel sick.
* * * LOW HITPOINT WARNING * * *
You feel very sick.
You feel a little better.
* * * LOW HITPOINT WARNING * * *
You feel sick.
You die...

#.....##...#....##.#########
.................%...........
#########..#.##.##.#.#######
........#..#....##.#.#########
###.....#..#.....#.#..........
# #.....#..#.###.#.#.#########
####....#..#.# #.#.#.#
#.......+..#.###.#.#.#####
........##.....#@#.......#
........####.#.#[#.#.###.#
...)..### #.#.#......# #...###
#.#.#.#.#..# #####
#.#.#.#....# ..#.#...#..#
.##.#.#.#..###### .
#.#<#.#.......# .
#.###.#..####.#


There were no monsters in sight!

Vanquished Creatures
  Terence (D:2)
  2 adders (D:2)
  2 giant geckos (D:1)
  4 bats
  A giant cockroach (D:1)
  5 goblins
  A hobgoblin (D:1)
  A quokka (D:2)
  A ball python (D:2)
  2 giant newts (D:1)
  5 kobolds
  10 rats
35 creatures vanquished.

Notes
Turn   | Place    | Note
--------------------------------------------------------------
     0 | D:1      | JacquesDerrida, the Kobold Enchanter, began the quest for the Orb.
     0 | D:1      | Reached XP level 1. HP: 10/10 MP: 3/3
   221 | D:1      | Reached XP level 2. HP: 15/15 MP: 4/4
   226 | D:1      | Learned a level 2 spell: Ensorcelled Hibernation
   997 | D:2      | Found a basalt altar of Yredelemnul.
   997 | D:2      | Found a snail-covered altar of Cheibriados.
  1023 | D:2      | Reached XP level 3. HP: 19/19 MP: 5/5
  1316 | D:2      | Reached XP level 4. HP: 18/24 MP: 0/7
  1544 | D:2      | Noticed Terence
  1666 | D:2      | Killed Terence
  1681 | D:2      | Succumbed to Terence's poison

Action                   |  1- 3 |  4- 6 || total
-------------------------+-------+-------++-------
Melee: Dagger            |    95 |    37 ||   132
Throw: Dart              |       |     5 ||     5
 Cast: Ensorcelled Hiber |     6 |     5 ||    11
       Corona            |       |     1 ||     1
  Use: Potion            |       |     3 ||     3
 Stab: Sleeping          |    10 |     1 ||    11
